 Dungeon Crawl Stone Soup version 0.28.0-53-g5a82cb258f (webtiles) character file.

Game seed: 14881025293844785531

30 concernfroge the Skirmisher (level 3, -2/31 HPs)
             Began as a Palentonga Fighter on June 17, 2022.
             Was a Follower of Wu Jian.
             Killed from afar by Natasha (5 damage)
             ... with a magic dart
             ... on level 2 of the Dungeon.
             The game lasted 00:15:15 (856 turns).

concernfroge the Skirmisher (Palentonga Fighter)     Turns: 856, Time: 00:15:16

Health: -2/31      AC:  6    Str: 20 (21) XL:     3   Next: 5%
Magic:  3/3        EV:  7    Int:  6 (8)  God:    Wu Jian [*.....]
Gold:   12         SH:  4    Dex:  8 (9)  Spells: 2/2 levels left

rFire   . . .      SeeInvis +   a - +0 long sword
rCold   . . .      Faith    .   c - +0 buckler
rNeg    . . .      Spirit   .   b - +0 scale mail
rPois   .          Reflect  .   (no helmet)
rElec   .          Harm     .   (no cloak)
rCorr   .          Rampage  .   (no gloves)
Will    .....                   (no barding)
Stlth   ..........              (no amulet)
HPRegen 0.10/turn               (no ring)
MPRegen 0.08/turn               (no ring)

@: mighty
A: large, rugged brown scales 3, see invisible, deformed body, roll 1, armoured
tail
a: Rolling Charge, Renounce Religion


You were on level 2 of the Dungeon.
You worshipped Wu Jian.
Wu Jian was aware of your devotion.
You visited 1 branch of the dungeon, and saw 2 of its levels.

You collected 12 gold pieces.

Inventory:

Hand Weapons
 a - a +0 long sword (weapon)
Armour
 b - a +0 scale mail (worn)
 c - a +0 buckler (worn)
Scrolls
 f - a scroll of fog
Potions
 e - a potion of brilliance


   Skills:
 + Level 3.3 Fighting
 + Level 2.2 Long Blades
 + Level 2.8 Armour
 + Level 2.7 Shields


You had 2 spell levels left.
You didn't know any spells.
Your spell library contained the following spells:

 Spells                   Type           Power      Damage    Failure   Level
 Sandblast                Erth           0%         2d4       87%         1
 Passwall                 Tmut/Erth      0%         N/A       95%         2
 Scorch                   Fire           0%         2d5       95%         2
 Flame Wave               Conj/Fire      0%         2d4       100%        4
 Summon Cactus Giant      Summ           0%         N/A       100%        6
 Lehudib's Crystal Spear  Conj/Erth      0%         10d2      100%        8
 Fire Storm               Conj/Fire      0%         5d1       100%        9


Dungeon Overview and Level Annotations

Branches:
Dungeon (2/15)

Altars:
Okawaru
Wu Jian

Annotations:
D:2 Natasha


Innate Abilities, Weirdness & Mutations

You are completely covered in rugged brown scales. (AC +3, +7% HP)
You have supernaturally acute eyesight. (SInv)
Armour fits poorly on your strangely shaped body.
You can roll at nearby foes to attack.
You have a long armoured tail.


Message History

You miss Natasha.
Natasha is moderately wounded.
You block Natasha's attack.
You closely miss Natasha.
Natasha is moderately wounded.
Natasha claws you! You block Natasha's attack.
You spin and attack Natasha.
You hit Natasha.
Natasha is heavily wounded.
Natasha closely misses you. Natasha casts a spell at you.
The magic dart hits you.
* * * LOW HITPOINT WARNING * * *
You feel very mighty all of a sudden.
Natasha stares at you and mumbles some strange words.
The magic dart hits you.
* * * LOW HITPOINT WARNING * * *
You lunge at Natasha, but your attack speed is too slow for a blow to land.
Natasha wildly gestures.
Natasha shimmers violently.
Natasha mumbles some strange words.
There's nothing you can charge at!
You hit Natasha.
Natasha is almost dead.
Natasha claws you but does no damage. The crimson imp hits you.
* * * LOW HITPOINT WARNING * * *
You closely miss Natasha.
Natasha is almost dead.
Natasha claws you.
* * * LOW HITPOINT WARNING * * *
The crimson imp barely misses you. Natasha barely misses you.
You completely miss Natasha.
Natasha is almost dead.
The crimson imp hits you but does no damage.
Natasha casts a spell at you. You resist with significant effort.
The crimson imp barely misses you.
You completely miss Natasha.
Natasha is almost dead.
Natasha stares at you and mumbles some strange words.
The magic dart hits you.
You die...

######### ## #§§§.....
.# #B#§§.B.. ## .# #h#
..... #. .# ... #@#
.... #. .# #...# #5#
... #. .# #...# #.# ..
#. .# #...# #.# . #.
.######...## #.#
######. ...........#
#.# #....†.
...........#####.#
#.....)
.................#
#......
...........###########
#......


You could see Natasha, a crimson imp (summoned) and a giant cockroach.

Vanquished Creatures
  2 dart slugs
  3 bats (D:1)
  4 endoplasms
  5 giant cockroaches
  A goblin (D:1)
  A hobgoblin (D:2)
  A ball python (D:1)
  A frilled lizard (D:2)
  4 kobolds
  A rat (D:2)
23 creatures vanquished.

Notes
Turn   | Place    | Note
-------+----------+-------------------------------------------
     0 | D:1      | concernfroge the Palentonga Fighter began the quest for the
                  | Orb.
     0 | D:1      | Reached XP level 1. HP: 19/19 MP: 1/1
   100 | D:1      | Got Jihas's Compendium of Ashen Conjuration
   136 | D:1      | Reached XP level 2. HP: 22/25 MP: 2/2
   483 | D:1      | Found a faded altar of an unknown god.
   488 | D:1      | Prayed at the altar of an unknown god.
   488 | D:1      | Became a worshipper of the Wu Jian Council
   488 | D:1      | Reached * piety under Wu Jian
   748 | D:2      | Found an iron altar of Okawaru.
   818 | D:2      | Reached XP level 3. HP: 31/31 MP: 3/3
   840 | D:2      | Noticed Natasha
   856 | D:2      | Killed from afar by Natasha

Illustrated notes

Levels and vault maps discovered:
D:1:      minmay_arrival_three_doors, layout_basic,
          chequers_ecumenical_altar_grove
D:2:      layout_basic, basic_altar, uniq_natasha

Action                   || total
-------------------------++-------
Melee: Long sword        ||    57
       Tailslap          ||     6
Invok: Whirlwind         ||    10
       Lunge             ||     1
 Abil: Rolling Charge    ||     9
  Use: Scroll            ||     3
       Potion            ||     5
Armor: Scale mail        ||    20
Dodge: Dodged            ||    16
Block: Buckler           ||    11
